 Seeded DCSS version 0.28-a0-1555-g9ae15a6949 (webtiles) character file.

Game seed: 98 (custom seed)

9 knot the Chopper (level 2, 14/24 HPs)
             Began as a Demonspawn Berserker on Jan 19, 2022.
             Was a Follower of Trog.
             Quit the game on level 1 of the Dungeon.
             The game lasted 00:00:32 (719 turns).

knot the Chopper (Demonspawn Berserker)              Turns: 719, Time: 00:00:33

Health: 14/24      AC:  3    Str: 17    XL:     2   Next: 3%
Magic:  2/2        EV: 12    Int:  8    God:    Trog [*.....]
Gold:   22         SH:  0    Dex: 12    Spells: 1/1 levels left

rFire   . . .      SeeInvis .   a - +0 hand axe
rCold   . . .      Faith    .   (no shield)
rNeg    . . .      Spirit   .   b - +0 animal skin
rPois   .          Reflect  .   (no helmet)
rElec   .          Harm     .   (no cloak)
rCorr   .          Rampage  .   e - +0 pair of gloves
Will    .....                   (no boots)
Stlth   +.........              (no amulet)
HPRegen 0.08/turn               (no ring)
MPRegen 0.08/turn               (no ring)

@: no status effects
A: demonic guardian 1
a: Renounce Religion, Berserk


You were on level 1 of the Dungeon.
You worshipped Trog.
Trog was aware of your devotion.
You visited 1 branch of the dungeon, and saw 1 of its levels.

You collected 22 gold pieces.

Inventory:

Hand Weapons
 a - a +0 hand axe (weapon)
Missiles
 f - 23 sling bullets
Armour
 b - a +0 animal skin (worn)
 e - a +0 pair of gloves (worn)
Scrolls
 c - a scroll of noise {unknown}
 d - a scroll of teleportation {unknown}


   Skills:
 - Level 3.0 Fighting
 + Level 3.2 Axes
 - Level 1.7 Armour
 - Level 1.7 Dodging


You had one spell level left.
You didn't know any spells.
Your spell library was empty.

Dungeon Overview and Level Annotations

Branches:
Dungeon (1/15)

Altars:


Innate Abilities, Weirdness & Mutations

A weak demonic guardian rushes to your aid.


Message History

You kill the quokka!
Trog accepts your kill.
No target in view!
No target in view!
You see here a quokka corpse.
f - 23 sling bullets Key pressed, stopping explore.
No target in view!
You see here a quokka corpse. 2 jackals come into view.
Found a stone staircase leading down.
A jackal comes into view.
The jackal barks! x2; You hear a bark!
There are monsters nearby!
A jackal comes into view.
The jackal bites you but does no damage.
You closely miss the jackal. You hit the jackal.
The jackal is almost dead.
You slash the jackal!
You kill the jackal!
Trog accepts your kill.
You hit the jackal. You miss the jackal.
The jackal is heavily wounded.
You hit the jackal. The jackal bites you. The jackal barely misses you.
The jackal misses you.
The jackal bites you but does no damage.
You closely miss the jackal.
The jackal is severely wounded.
You hit the jackal but do no damage. The jackal bites you. x2
You hit the jackal.
You kill the jackal!
Trog accepts your kill.
You hit the jackal. You hit the jackal but do no damage.
The jackal bites you. x2
The jackal misses you. The jackal barely misses you.
You have reached level 2!
Your demonic ancestry asserts itself...
You feel the presence of a demonic guardian.
Are you sure you want to abandon this character and quit the game? (Confirm with "yes".)

#.. ......#
###.........#
...........#
..........#
.....>.. ...####
#..... .......
#h#†###############
#.@h#.#.#.#.#.#.#.#
#.##...............
#.#..........#.....
#.##.......#.......
#.#......#....#.)..
#.##...#...........
#.#..#...#.#.#.#...
#.##...............
#.#...#..#.<.#..#..


You could see 2 jackals.

Vanquished Creatures
  3 endoplasms (D:1)
  2 jackals (D:1)
  A quokka (D:1)
  A frilled lizard (D:1)
7 creatures vanquished.

Notes
Turn   | Place    | Note
-------+----------+-------------------------------------------
     0 | D:1      | knot the Demonspawn Berserker began the quest for the Orb.
     0 | D:1      | Reached XP level 1. HP: 18/18 MP: 1/1
   719 | D:1      | Gained mutation: A weak demonic guardian rushes to your
                  | aid. [demonic ancestry]
   719 | D:1      | Reached XP level 2. HP: 14/24 MP: 2/2
   719 | D:1      | Quit the game

Illustrated notes

Levels and vault maps discovered:
D:1:      co_arrival_square_in_a_square_in_a_square, layout_basic,
          chequers_ecumenical_altar_island, minmay_split_cup_large

Skill      XL: |  1 |
---------------+----+-----
Axes           | 3 |  3.2
Fighting       | |  3.0
Armour         | |  1.7
Dodging        | |  1.7

Action                   || total
-------------------------++-------
Melee: Hand axe          ||    16
Invok: Berserk           ||     1
Armor: Animal skin       ||     2
Dodge: Dodged            ||     7

Table legend: (Time is in decaauts)
 A = Elapsed time spent in this place.
 B = Non-inter-level travel time spent in this place.
 C = Inter-level travel time spent in this place.
 D = Time resting spent in this place.
 E = Time spent auto-exploring this place.
 F = Levels seen in this place.
 G = Mean time per level.
                   A        B        C        D        E       F      G
               +--------+--------+--------+--------+--------+-----+--------+
         Total |    731 |    699 |     32 |    308 |    347 |   1 |  731.0 |
       Dungeon |    731 |    699 |     32 |    308 |    347 |   1 |  731.0 |
               +--------+--------+--------+--------+--------+-----+--------+

Top non-repeatable levels by time:
     D:1: 731 daAuts
